 Dungeon Crawl Stone Soup version 0.24-a0-535-gbb0d440638 (webtiles) character file.

Game seed: 11992328274225008181

547 Mithandil the Slasher (level 7, -5/59 HPs)
             Began as a Minotaur Gladiator on Aug 10, 2019.
             Slain by an orc warrior
             ... wielding a +0 short sword
              (11 damage)
             ... on level 4 of the Dungeon.
             The game lasted 00:28:17 (2613 turns).

Mithandil the Slasher (Minotaur Gladiator)          Turns: 2613, Time: 00:28:18

Health: -5/59      AC:  5    Str: 21    XL:     7   Next: 7%
Magic:  6/6        EV: 13    Int:  5    God:
Gold:   84         SH:  0    Dex: 11    Spells: 6/6 levels left

rFire    . . .     SeeInvis .   g - +1 scythe (protect)
rCold    . . .     Gourm    .   (shield currently unavailable)
rNeg     . . .     Faith    .   l - +0 leather armour
rPois    .         Spirit   .   c - +0 hat
rElec    .         Reflect  .   (no cloak)
rCorr    .         Harm     .   w - +1 pair of gloves
MR       .....                  (no boots)
Stlth    +.........             (no amulet)
HPRegen  0.19/turn              (no ring)
MPRegen  0.10/turn              (no ring)

@: no status effects
A: retaliatory headbutt, horns 2
a: no special abilities


You were on level 4 of the Dungeon.
You were not hungry.

You visited 1 branch of the dungeon, and saw 4 of its levels.

You collected 84 gold pieces.

Inventory:

Hand Weapons
 a - a +0 long sword
 b - a +2 short sword of electrocution
 g - a +1 scythe of protection (weapon)
 m - a +0 hunting sling
 t - a +3 dagger
Missiles
 d - 3 throwing nets
 e - 47 arrows
 i - 20 poisoned darts (quivered)
 j - 100 stones
 q - 11 bolts
Armour
 c - a +0 hat (worn)
 l - a +0 leather armour (worn)
 w - a +1 pair of gloves (worn)
Wands
 n - a wand of digging (6)
 o - a wand of polymorph (9)
Scrolls
 k - 2 scrolls of identify
 r - 2 scrolls of teleportation
 s - a scroll of remove curse
Potions
 h - a potion of heal wounds
 p - a potion of curing
Comestibles
 f - 5 rations


   Skills:
 + Level 4.2 Fighting
 - Level 3.3(4.4) Short Blades
 - Level 4.7(5.3) Long Blades
 * Level 0.4 Polearms
 + Level 3.7 Throwing
 + Level 3.3 Armour
 + Level 4.6 Dodging


You had 6 spell levels left.
You didn't know any spells.
Your spell library contained the following spells:

 Spells                   Type           Power        Failure   Level  Hunger
 Corona                   Hex            #......      52%         1    ##.....
 Ensorcelled Hibernation  Hex/Ice        #.....       67%         2    ###....
 Confuse                  Hex            #.......     88%         3    ####...
 Dazzling Spray           Conj/Hex       #.....       88%         3    ####...
 Tukima's Dance           Hex            #.......     88%         3    ####...


Dungeon Overview and Level Annotations

Branches:
Dungeon (4/15)
 Temple: D:4-7

Altars:
Kikubaaqudgha

Shops:
D:4 ![(


Innate Abilities, Weirdness & Mutations

You reflexively headbutt those who attack you in melee.
You have a pair of horns on your head.


Message History

The orc warrior hits you with a +0 short sword! x2
* * * LOW HITPOINT WARNING * * *
You hit the orc warrior.
Your weapon exudes an aura of protection.
The orc warrior is heavily wounded.
The orc warrior completely misses you. You furiously retaliate!
You headbutt the orc warrior! The orc warrior closely misses you.
You barely miss the orc warrior.
The orc warrior is almost dead.
The orc warrior hits you with a +0 short sword.
* * * LOW HITPOINT WARNING * * *
The orc warrior barely misses you.
You closely miss the orc warrior.
You headbutt the orc warrior, but do no damage.
The orc warrior is almost dead.
The orc warrior closely misses you. x2
You barely miss the orc warrior.
The orc warrior is almost dead.
The orc warrior hits you with a +0 short sword!
You die...

....#.........
..###.########
.≈≈≈#.#
≈≈≈≈≈.#
≈≈∩...#
≈≈≈≈≈## #≈≈≈##
# .o###
#####.# #.
#.@∩..# #.
#o##### .. #Z#
#. #o. .o..
..... ......#
..>..##
......#


You could see an orc warrior, 2 orcs and a centaur skeleton.

Vanquished Creatures
  Grinder (D:3)
  Sigmund (D:3)
  A howler monkey (D:2)
  Jessica (D:3)
  Terence (D:2)
  3 adders (D:2)
  A worm (D:2)
  A dart slug (D:2)
  4 leopard geckos
  3 orcs (D:3)
  4 bat zombies (D:2)
  3 giant cockroaches
  9 goblins
  4 hobgoblins
  2 jackals (D:2)
  2 quokkas (D:2)
  3 bats
  3 frilled lizards (D:2)
  4 kobolds
  3 rats
  A rat zombie (D:2)
55 creatures vanquished.

Notes
Turn   | Place    | Note
-------+----------+-------------------------------------------
     0 | D:1      | Mithandil the Minotaur Gladiator began the quest for the
                  | Orb.
     0 | D:1      | Reached XP level 1. HP: 18/18 MP: 0/0
     2 | D:1      | Noticed a vampire
     4 | D:1      | Noticed a minotaur
     6 | D:1      | Noticed a merfolk
     6 | D:1      | Noticed a human
     8 | D:1      | Noticed a demigod
     8 | D:1      | Noticed a ghoul
    10 | D:1      | Noticed a spriggan
    10 | D:1      | Noticed an octopode
    12 | D:1      | Noticed a centaur
    12 | D:1      | Noticed a felid
    14 | D:1      | Noticed a dwarf
    14 | D:1      | Noticed a vine stalker
    16 | D:1      | Noticed a gargoyle
    16 | D:1      | Noticed a formicid
    18 | D:1      | Noticed an ogre
    18 | D:1      | Noticed a troll
    20 | D:1      | Noticed a naga
    22 | D:1      | Noticed a halfling
    22 | D:1      | Noticed an elf
    24 | D:1      | Noticed a demonspawn
    24 | D:1      | Noticed a tengu
    26 | D:1      | Noticed a draconian
   198 | D:1      | Reached XP level 2. HP: 23/25 MP: 1/1
   233 | D:2      | Noticed a howler monkey
   605 | D:2      | Reached skill level 1 in Armour
   658 | D:2      | Reached XP level 3. HP: 28/30 MP: 2/2
   771 | D:2      | Reached XP level 4. HP: 28/38 MP: 3/3
   934 | D:3      | Noticed Terence
   941 | D:2      | Killed Terence
  1499 | D:2      | Reached XP level 5. HP: 44/45 MP: 4/4
  1505 | D:2      | Found an ancient bone altar of Kikubaaqudgha.
  1695 | D:3      | Reached skill level 1 in Short Blades
  1750 | D:4      | Found Ruuph's Armour Emporium.
  1752 | D:4      | Found Ahokemic's Distillery.
  1808 | D:3      | Noticed Grinder
  1837 | D:3      | Paralysed by Grinder for 4 turns
  1841 | D:3      | Killed Grinder
  1841 | D:3      | Reached XP level 6. HP: 12/52 MP: 5/5
  2077 | D:3      | Noticed Sigmund
  2085 | D:3      | Killed Sigmund
  2085 | D:3      | Reached XP level 7. HP: 31/59 MP: 6/6
  2304 | D:3      | Noticed Jessica
  2317 | D:3      | Killed Jessica
  2598 | D:4      | Found Rirch's Antique Weapon Boutique.
  2613 | D:4      | Slain by an orc warrior

Levels and vault maps discovered:
D:1:      kb_arrival_jail, layout_rooms
D:2:      layout_loops_corners, lemuel_zombie_altar_kikubaaqudgha
D:3:      layout_loops_ring, uniq_sigmund, uniq_grinder, uniq_jessica,
          uniq_terence
D:4:      layout_basic, serial_shops, shop, shop, nicolae_shop_waterfront,
          st_stairs_5

Skill      XL: |  1  2  3  4  5  6 |
---------------+-------------------+-----
Long Blades    | 4 |  4.7
Armour         | 1 2 3 |  3.3
Fighting       | 3 4 |  4.2
Short Blades   | 2 3 |  3.3
Throwing       | 3 |  3.7
Dodging        | 4 |  4.6
Polearms       | |  0.4

Action                   |  1- 3 |  4- 6 |  7- 9 || total
-------------------------+-------+-------+-------++-------
Melee: Long sword        |    36 |     9 |       ||    45
       Headbutt          |     9 |     9 |     2 ||    20
       Short sword       |       |    52 |       ||    52
       Scythe            |       |       |    15 ||    15
  Use: Scroll            |     6 |     1 |     3 ||    10
       Potion            |     1 |     4 |       ||     5
  Eat: Chunk             |       |     4 |     1 ||     5
Armor: Leather armour    |     8 |    10 |     4 ||    22
Dodge: Dodged            |    22 |    31 |    14 ||    67
       Rpst.: Long sword |     7 |       |       ||     7

Table legend:
 A = Non-vault XP
 B = Vault XP
 C = Vault XP percentage of total XP
 D = Non-vault monster count
 E = Vault monster count
 F = Vault count percentage of total count
                 A         B        C        D         E       F
            +---------+---------+-------+---------+---------+-------
      Total |     174 |     608 |  77.7 |      45 |      10 |  18.2
            +---------+---------+-------+---------+---------+-------
        D:1 |      24 |       0 |   0.0 |      13 |       0 |   0.0
        D:2 |     132 |      45 |  25.4 |      23 |       6 |  20.7
        D:3 |      18 |     561 |  96.9 |       9 |       3 |  25.0
        D:4 |       0 |       2 | 100.0 |       0 |       1 | 100.0
            +---------+---------+-------+---------+---------+-------
